Map: Winter's Gate LE

Players

Hellraiser - Winner!

  • Race: Protoss Protoss
  • Spawn Location: 11:00

Silky

  • Race: Zerg Zerg
  • Spawn Location: 5:00

VOD

Have the link to the VOD?

Description

Time

  • Played on: Sept. 6, 2019, 1:43 p.m.
  • Length: 9:39
Show
View Real Time Build Order
Export as new Build Order

Hellraiser Protoss - Winner!

Build Orders: 1 Gate Expand, Mass Phoenix 

Get SALT Encoding   

  12  0:00  Probe  
  13  0:12  Probe  
  14  0:20  Pylon  
  14  0:25  Probe  
  15  0:34  Probe  
  15  0:38  Gateway  
  15  0:42  Probe  
  16  0:47  Assimilator  
  17  0:52  Probe  
  18  1:04  Probe  
  19  1:20  Nexus  
  19  1:23  Probe  
  20  1:33  Cybernetics Core  
  20  1:36  Probe  
  21  1:42  Assimilator  
  21  1:48  Probe  
  21  1:52  Pylon  
  21  1:59  Probe, Adept  
  22  2:07  Probe  
  22  2:10  Warp Gate  
  25  2:15  Probe  
  25  2:21  Twilight Council  
  26  2:26  Probe  
  26  2:29  Probe  
  27  2:31  Stalker  
  30  2:37  Probe  
  30  2:38  Probe  
  32  2:50  Probe  
  33  2:52  Gateway  
  33  2:53  Probe  
  34  3:01  Gateway  
  34  3:03  Probe, Resonating Glaives  
  35  3:12  Probe  
  35  3:15  Adept  
  35  3:18  Probe  
  39  3:21  Probe  
  39  3:22  Pylon  
  40  3:29  Probe  
  40  3:30  Probe  
  42  3:36  Assimilator  
  42  3:38  Pylon  
  42  3:40  Probe  
  42  3:43  Probe  
  44  3:50  Assimilator  
  44  3:52  Probe  
  44  3:55  Probe  
  46  3:58  Adept x3  
  52  4:03  Stargate  
  52  4:06  Stargate  
  52  4:07  Probe  
  53  4:10  Probe  
  54  4:19  Adept x2  
  54  4:20  Adept  
  60  4:27  Probe  
  60  4:28  Probe  
  62  4:31  Pylon  
  62  4:34  Pylon  
  62  4:46  Phoenix x2  
  62  4:52  Protoss Air Weapons Level 1  
  62  5:03  Probe  
  62  5:04  Phoenix  
  61  5:08  Phoenix  
  61  5:13  Probe  
  62  5:15  Probe  
  62  5:21  Phoenix  
  65  5:22  Pylon  
  59  5:28  Phoenix  
  59  5:34  Probe x2  
  63  5:36  Zealot x3  
  69  5:44  Phoenix  
  69  5:48  Phoenix  
  71  5:51  Nexus  
  71  5:55  Pylon  
  73  5:57  Probe x2  
  75  6:04  Robotics Facility  
  75  6:09  Probe, Phoenix x2  
  78  6:11  Pylon  
  78  6:12  Probe  
  81  6:21  Probe  
  81  6:23  Zealot  
  81  6:24  Probe  
  85  6:28  Phoenix  
  85  6:32  Phoenix  
  85  6:33  Probe  
  85  6:36  Probe  
  91  6:46  Probe  
  92  6:49  Probe  
  92  6:53  Phoenix  
  92  6:54  Phoenix  
  95  6:55  Immortal  
  95  6:59  Shield Battery  
  102  7:05  Forge  
  102  7:06  Gateway  
  101  7:10  Gateway  
  101  7:14  Gateway  
  101  7:19  Probe x2  
  101  7:20  Probe  
  101  7:22  Blink  
  106  7:26  Immortal  
  104  7:31  Probe x2  
  104  7:32  Probe  
  105  7:38  Gateway  
  105  7:41  Gateway  
  105  7:43  Probe x2, Assimilator  
  111  7:44  Probe  
  111  7:46  Assimilator  
  112  7:52  Immortal  
  112  7:55  Probe  
  113  8:00  Pylon  
  113  8:02  Pylon  
  113  8:16  Stalker x2  
  113  8:19  Stalker x2  
  121  8:20  Pylon, Stalker x2  
  121  8:21  Pylon  
  121  8:26  Warp Prism  
  125  8:37  Sentry x2  
  125  8:40  Pylon  
  131  8:47  Stalker x6  
  141  9:00  Stalker x2  
  141  9:02  Observer  
  146  9:11  Zealot  
  146  9:15  Nexus  
  148  9:18  Pylon  
  148  9:21  Stalker x4  
  156  9:25  Pylon  
Show
View Real Time Build Order
Export as new Build Order

Silky Zerg 

Build Orders: Hatch First 

Get SALT Encoding   

  12  0:00  Drone  
  13  0:12  Overlord  
  13  0:16  Drone  
  14  0:30  Drone x2  
  16  0:47  Hatchery  
  15  0:51  Drone  
  15  0:55  Drone  
  17  0:57  Drone  
  18  1:08  Extractor  
  17  1:13  Spawning Pool  
  17  1:16  Drone  
  17  1:19  Drone  
  18  1:28  Drone  
  19  1:39  Drone  
  20  1:48  Overlord  
  20  2:00  Zergling x4, Queen x2  
  26  2:11  Drone  
  26  2:14  Drone  
  28  2:28  Drone x2  
  30  2:34  Hatchery  
  29  2:43  Drone x2  
  31  2:47  Overlord  
  31  2:50  Drone  
  32  2:53  Drone  
  32  2:55  Drone  
  34  3:03  Metabolic Boost  
  34  3:07  Drone x2  
  34  3:11  Drone x4  
  39  3:19  Drone x3  
  42  3:25  Overlord  
  42  3:30  Roach Warren  
  41  3:35  Queen  
  41  3:36  Extractor  
  41  3:38  Drone  
  41  3:41  Overlord  
  43  3:45  Lair  
  43  3:49  Drone x2  
  43  3:50  Drone  
  43  3:52  Drone  
  47  3:56  Queen  
  47  3:59  Zergling x2  
  47  4:01  Zergling x2  
  51  4:11  Roach x2  
  51  4:12  Roach x2  
  51  4:13  Roach  
  51  4:16  Roach  
  63  4:20  Overlord  
  63  4:22  Zergling x2  
  63  4:23  Zergling x2  
  65  4:28  Overlord  
  65  4:39  Overlord  
  65  4:43  Overseer  
  65  4:53  Drone x8  
  68  5:01  Zergling x12  
  68  5:06  Queen x2  
  75  5:11  Queen  
  73  5:14  Extractor  
  73  5:16  Spore Crawler  
  66  5:26  Spore Crawler x2  
  64  5:29  Spore Crawler  
  64  5:30  Drone x3  
  64  5:34  Drone x2  
  64  5:35  Drone  
  67  5:42  Queen  
  69  5:44  Drone x2  
  69  5:45  Drone  
  72  5:52  Drone x3  
  72  5:53  Drone x2  
  77  5:59  Queen  
  77  6:01  Spore Crawler, Overseer  
  78  6:12  Drone x3  
  78  6:13  Drone  
  78  6:15  Overlord x2  
  82  6:30  Spore Crawler  
  82  6:31  Spore Crawler, Queen  
  82  6:32  Spore Crawler  
  81  6:34  Drone x5  
  81  6:35  Drone  
  86  6:43  Overlord  
  84  6:50  Drone x8  
  84  6:53  Drone x2  
  90  6:56  Hydralisk Den  
  90  6:57  Spire  
  90  6:59  Drone  
  90  7:00  Drone, Extractor  
  90  7:07  Drone x4  
  90  7:08  Drone  
  95  7:13  Drone x2  
  95  7:14  Extractor  
  96  7:17  Extractor  
  96  7:18  Overlord  
  96  7:19  Queen  
  96  7:21  Hatchery  
  94  7:28  Overlord x2  
  94  7:31  Overlord  
  94  7:39  Overlord x2  
  94  7:40  Overlord x2  
  93  7:54  Overlord  
  93  7:59  Drone x3  
  96  8:09  Corruptor  
  96  8:10  Corruptor x4  
  96  8:14  Corruptor x2  
  98  8:20  Hydralisk Den  
  98  8:21  Drone x4  
  98  8:22  Evolution Chamber, Extractor  
  98  8:25  Overlord  
  99  8:29  Overlord  
  99  8:33  Overlord  
  99  8:37  Overlord x3  
  99  8:42  Spore Crawler  
  95  8:50  Drone  
  95  8:51  Drone  
  95  8:52  Drone x2  
  95  8:53  Drone x3  
  100  8:58  Hydralisk x5  
  100  9:00  Hydralisk  
  112  9:05  Hydralisk x2  
  112  9:09  Roach x2  
  120  9:14  Hydralisk  
  120  9:15  Zergling x6  
Tags
 
Add a new tag
Caveats
  • Supply blocks, unpowered buildings, or Contaminate may cause inaccurate times.
  • Supply counts are checked every 10 seconds.